 Dungeon Crawl Stone Soup: Circus Animals version 1.7-37-g2c94cca (webtiles) character file.

228 Gravano the Ogre Mage (level 6, -4/118 HPs) *STANDARD*
             Began as an Ogre Wizard on Aug 6, 2016.
             Slain by an orc priest
             ... wielding a +0 trident
              (8 damage)
             ... on level 6 of the Dungeon.
             The game lasted 00:43:01 (5875 turns).

Gravano the Ogre Mage (Ogre Wizard)                 Turns: 5875, Time: 00:43:01

Health: -4/118     AC:  2    Str: 18    XL:     6   Next: 46%
Magic:  100/100    EV:  4    Int: 17    God:
Gold:   308        SH:  0    Dex: 10    Spells: 2 memorised, 12 levels left

rFire  . . .     rPois    .     c - +1 dagger (venom)
rCold  . . .     rElec    .     a - +0 robe
rNeg   + . .     rCorr    .     (no shield) MagicSh . . . SeeInvis .
                                (helmet unavailable) StaminaSh . . . Faith .
                                (no cloak) RegenHP +++.......
SustAt .                        (gloves unavailable) RegenSP +++....... Dismiss .
                                (boots unavailable) RegenMP +++....... Reflect .
                                o - amulet of harm
MR     .....     Harm     +     g - ring of positive energy
Stlth  ..........               f - ring of loudness

@: lethally poisoned (-4 -> -4), slow, not resistant to hostile enchantments,
extremely unstealthy
A: unfitting armour, deformed body 1, powered by pain 1, tough skin 1
a: no special abilities


You were on level 6 of the Dungeon.
You were not hungry.

You visited 1 branch of the dungeon, and saw 6 of its levels.

You collected 308 gold pieces.

Inventory:

Hand Weapons
 c - a +1 dagger of venom (weapon)
 i - a +0 mace
 k - a +0 giant spiked club
 n - a +0 flail
Missiles
 b - 21 needles of frenzy
 e - 12 needles of sleeping
 p - 12 large rocks
Armour
 a - a +0 robe (worn)
Magical Staves
 h - an uncursed staff of wizardry
Jewellery
 d - an uncursed amulet of dismissal
 f - a ring of loudness (left hand)
 g - a ring of positive energy (right hand)
 j - an uncursed amulet of magic shield
 m - an uncursed ring of protection from magic {unknown}
 o - an amulet of harm (around neck)
Wands
 l - a wand of lightning (7/15)
Scrolls
 e - a scroll of random uselessness {unknown}
 j - 2 scrolls of magic mapping {unknown}
 k - a scroll of noise {unknown}
 l - 2 scrolls of identify
 m - a scroll of enchant armour {unknown}
 o - 3 scrolls of remove curse {unknown}
 q - a scroll of amnesia {unknown}
 t - a scroll of teleportation {unknown}
 u - a scroll of enchant weapon {unknown}
Potions
 b - 4 potions of heal wounds
 c - 7 potions of stamina
 d - 3 potions of magic
 f - 7 potions of curing {unknown}
 g - a potion of agility
 h - 2 potions of degeneration {unknown}
 i - 2 potions of lignification {unknown}
 n - 2 potions of ambrosia {unknown}
 p - a potion of haste {unknown}
 r - a potion of might {unknown}
 s - a potion of flight {unknown}
 v - a potion of mutation {unknown}
Books
 a - a book of Minor Magic

   Spells                             Type                      Level
   a - Magic Dart                     Conjuration                  1
   b - Blink                          Translocation                2
   c - Call Imp                       Summoning/Darkness           2
   d - Repel Missiles                 Charms/Air                   2
   e - Slow                           Hexes/Time                   2
   f - Conjure Flame                  Conjuration/Fire             3
   g - Mephitic Cloud                 Conjuration/Poison/Air       3


   Skills:
 - Level 3.1 Fighting
 + Level 4.1 Maces & Flails
 - Level 2.0 Dodging
 - Level 2.0 Stealth
 - Level 5.1 Spellcasting
 - Level 2.0 Conjurations
   Level 0.5 Hexes
   Level 0.5 Charms
   Level 0.5 Summonings
 - Level 0.5 Translocations


You had 12 spell levels left.
You knew the following spells:

 Your Spells              Type           Power        Failure   Level  Hunger
a - Magic Dart            Conj           #.........   14%         1    ##.....
b - Blink                 Tloc           #.........   32%         2    ##.....


Dungeon Overview and Level Annotations

Branches:
Dungeon (6/7)

Altars:
Gozag
Uskayaw


Innate Abilities, Weirdness & Mutations

Armour fits poorly on your strangely shaped body.
You sometimes gain a little power by taking damage.
You have tough skin. (AC +1)


Message History

Damage (14) was greater than 30% of your hp (38)!!!
Beogh smites you!
Items here: )) [[ †† a whip; a dyed leather armour; a dagger; a robe; an orc corpse a worker ant corpse You hit the orc priest but do no damage.
The orc priest is poisoned.
The orc priest hits you with a trident. (hp-7)
* * * LOW HITPOINT WARNING * * *
You hit the orc priest but do no damage.
The orc priest looks as sick as possible! (hp-1)
You feel sick.
The orc priest hits you with a trident! (hp-12)
* * * LOW HITPOINT WARNING * * *
You closely miss the orc priest.
The orc priest mumbles some strange prayers to Beogh against you. (hp-15)
* * * LOW HITPOINT WARNING * * *; Beogh smites you!
You completely miss the orc priest.
You hit the orc priest but do no damage.
The orc priest looks as sick as possible!
The orc priest hits you with a trident! (hp-8)
You die...

#### ##..#####.
###
#####@o.......
###.###
#....##.......
##.)...####..###
#..####
##.####.......#
..# ..##
##......# ..#
.## #..###..#
#..# †## #.##
#..# #... ..#
#.# #..# ##.
##.#..# #...


You could see an orc priest.

Vanquished Creatures
  An ice beast (D:5)
  3 ogres
  A centaur (D:5)
  A giant frog (D:6)
  Blork the orc (D:5)
  A scorpion (D:4)
  Jessica (D:3)
  2 crimson imps (D:5)
  2 howler monkeys (D:5)
  A gnoll shaman (D:5)
  5 hounds
  4 orc priests
  3 iguanas
  3 orc wizards
  8 worker ants
  A hound skeleton (D:5)
  A worker ant zombie (D:5)
  A dart slug (D:3)
  6 giant geckos
  An ooze (D:2)
  24 orcs
  13 adders
  9 giant cockroaches
  3 gnolls (D:5)
  8 goblins
  9 hobgoblins
  6 jackals
  A quokka (D:4)
  2 worms
  3 adder skeletons
  10 bats
  9 giant newts
  A jackal skeleton (D:4)
  5 kobolds
  18 rats
168 creatures vanquished.

Notes
Turn   | Place    | Note
-------+----------+-------------------------------------------
     0 | D:1      | Gravano the Ogre Wizard began the quest for the Orb.
     0 | D:1      | Reached XP level 1. HP: 43/43 MP: 100/100
   275 | D:1      | Reached skill level 1 in Conjurations
   337 | D:1      | Reached XP level 2. HP: 55/58 MP: 63/100
  1496 | D:2      | Found an opulent altar of Gozag.
  1503 | D:2      | Reached XP level 3. HP: 73/73 MP: 71/100
  2274 | D:3      | Noticed Jessica
  2275 | D:3      | Killed Jessica
  2321 | D:3      | Reached XP level 4. HP: 88/88 MP: 77/100
  2626 | D:3      | Learned a level 2 spell: Blink
  3273 | D:4      | Reached skill level 1 in Fighting
  3359 | D:4      | Reached XP level 5. HP: 95/103 MP: 31/100
  3808 | D:4      | Found a hide-covered altar of Uskayaw.
  4920 | D:4      | Reached skill level 1 in Maces & Flails
  5053 | D:5      | Entered Level 5 of the Dungeon
  5207 | D:5      | Noticed Blork the orc
  5218 | D:5      | Killed Blork the orc
  5399 | D:5      | Gained mutation: You sometimes gain a little power by taking damage. [Ogre growth]
  5399 | D:5      | Reached XP level 6. HP: 118/118 MP: 92/100
  5873 | D:6      | HP: 4/118 [orc priest/divine providence (15)]
  5875 | D:6      | Slain by an orc priest

Skill      XL: |  1  2  3  4  5  6 |
---------------+-------------------+-----
Dodging        | 2 |  2.0
Stealth        | 2 |  2.0
Conjurations   | 1 2 |  2.0
Fighting       | 2 3 |  3.1
Maces & Flails | 2 4 |  4.1
Spellcasting   | |  5.1
Hexes          | |  0.5
Charms         | |  0.5
Summonings     | |  0.5
Translocations | |  0.5

Action                   |  1- 3 |  4- 6 || total
-------------------------+-------+-------++-------
Melee: Dagger            |    10 |   217 ||   227
       Flail             |       |    36 ||    36
Throw: Stone             |     1 |     1 ||     2
 Cast: Magic Dart        |    81 |   121 ||   202
       Blink             |       |     5 ||     5
  Use: Scroll            |     1 |       ||     1
       Potion            |       |     1 ||     1
 Stab: Sleeping          |     1 |     1 ||     2
Armor: Robe              |    20 |    55 ||    75
Dodge: Dodged            |    16 |   122 ||   138
